 Dungeon Crawl Stone Soup version 0.30.1-4-g462c640d31 (webtiles) character file.

Game seed: 4207719535191497657

42 Heoruswealwe the Shooter (level 3, -7/30 HPs)
             Began as a Demigod Hunter on Aug 15, 2023.
             Mangled by Crazy Yiuf
             ... wielding a +4 quarterstaff of chaos
              (11 damage)
             ... on level 2 of the Dungeon.
             The game lasted 00:09:52 (1081 turns).

Heoruswealwe the Shooter (Demigod Hunter)           Turns: 1081, Time: 00:09:53

Health: -7/30      AC:  3    Str: 12    XL:     3   Next: 17%
Magic:  0/5        EV: 12    Int: 11    God:
Gold:   78         SH:  0    Dex: 21    Spells: 2/2 levels left

rFire   . . .        a - +0 shortbow
rCold   . . .        (shield currently unavailable)
rNeg    . . .        c - +0 leather armour
rPois   .            (no helmet)
rElec   .            (no cloak)
rCorr   .            (no gloves)
SInv    .            (no boots)
Will    .....        (no amulet)
Stlth   ++           (no ring)
HPRegen 0.25/turn    (no ring)
MPRegen 0.09/turn

%: no passive effects
@: brilliant
A: high MP 1, forlorn, divine attributes
a: no special abilities


You were on level 2 of the Dungeon.
You visited 1 branch of the dungeon, and saw 2 of its levels.

You collected 78 gold pieces.

Inventory:

Hand Weapons
 a - a +0 shortbow (weapon)
Armour
 c - a +0 leather armour (worn)
Scrolls
 b - a scroll of immolation
 f - 2 scrolls of teleportation {unknown}
 g - 2 scrolls of identify {unknown}
 i - a scroll of magic mapping {unknown}
Potions
 d - 2 potions of brilliance
 e - a potion of ambrosia {unknown}
 h - a potion of heal wounds {unknown}
 j - a potion of attraction {unknown}


   Skills:
 + Level 2.7 Fighting
 + Level 4.2 Ranged Weapons
 - Level 1.7 Dodging
 - Level 0.8 Stealth


You had 2 spell levels left.
You didn't know any spells.
Your spell library contained the following spells:

 Spells                   Type           Power      Damage    Failure   Level
 Freeze                   Ice            0%         1d3       41%         1
 Summon Small Mammal      Summ           0%         N/A       41%         1
 Call Canine Familiar     Summ           0%         N/A       80%         3
 Frozen Ramparts          Ice            0%         1d1       80%         3
 Hailstorm                Conj/Ice       0%         3d3       80%         3
 Portal Projectile        Hex/Tloc       0%         N/A       80%         3
 Summon Guardian Golem    Hex/Summ       0%         N/A       80%         3
 Leda's Liquefaction      Hex/Erth       0%         N/A       99%         4


Dungeon Overview and Level Annotations

Branches:
Dungeon (2/15)

Annotations:
D:2 Crazy Yiuf


Innate Abilities, Weirdness & Mutations

You have an increased reservoir of magic. (+10% MP)
You shall have no god before yourself.
Your divine heritage dramatically boosts your attributes as you level up.


Message History

Found a book of Frost.
You shoot an arrow. The arrow hits the bat!
You kill the bat!
You pick up a book of Frost and begin reading...
You add the spells Freeze, Frozen Ramparts and Hailstorm to your library.
Okay, then.
Found a lumpy grey potion and a scroll labelled TOUGAS ZYOFEUTOU.
h - a murky blue potion
d - 3 lumpy grey potions (gained 1)
i - a scroll labelled TOUGAS ZYOFEUTOU A ball python comes into view.
Found a scroll labelled SEACWOA OSICW.
Found an inky potion.
You shoot an arrow. The arrow hits the ball python!
You kill the ball python!
f - 2 scrolls labelled SEACWOA OSICW (gained 1)
You see here a ball python corpse.
j - an inky potion
Found a spear.
You see here a +0 spear.
Found a hammer.
Found a runed translucent door.
Crazy Yiuf shouts!
Crazy Yiuf yells, "Citrus mumblescurry rumpyflump!"
You open the door. You shoot an arrow.
The arrow hits Crazy Yiuf but does no damage.
Crazy Yiuf screams, "Prologue alas unthinkable!"
Crazy Yiuf hits you with a +4 quarterstaff of chaos!!
Ouch! That really hurt!
You resist with significant effort.
Crazy Yiuf laughs, "Ghoul sanguine green!"
Crazy Yiuf hits you with a +4 quarterstaff of chaos!
* * * LOW HITPOINT WARNING * * *
You feel your power leaking away. Crazy Yiuf attacks as you move away!
Crazy Yiuf misses you.
Okay, then.
It was a potion of brilliance.
You feel clever all of a sudden.
Crazy Yiuf hits you with a +4 quarterstaff of chaos!
You die...

#.# #.# #..
#### #... #.##
##### #.#>
##...######
#.#.
##...@.)...#
#...
#...g#####.#
#... #....#
#.# #.#.
#....# #.#
#... #...##
#.# #.## ##.##
#.# #... #.##
#.# #... ##.#
#.# ##... #.##
##.#######....


You could see Crazy Yiuf.

Vanquished Creatures
  An adder (D:2)
  2 dart slugs (D:1)
  2 ball pythons
  A bat (D:2)
  3 endoplasms (D:1)
  A giant cockroach (D:1)
  3 goblins
  3 hobgoblins (D:1)
  2 jackals (D:2)
  3 kobolds (D:1)
  2 quokkas (D:1)
23 creatures vanquished.

Notes
Turn   | Place    | Note
-------+----------+-------------------------------------------
     0 | D:1      | Heoruswealwe the Demigod Hunter began the quest for the
                  | Orb.
     0 | D:1      | Reached XP level 1. HP: 17/17 MP: 3/3
   259 | D:1      | Reached XP level 2. HP: 22/24 MP: 4/4
   372 | D:1      | Reached skill level 4 in Ranged Weapons
   903 | D:2      | Reached XP level 3. HP: 30/30 MP: 5/5
  1066 | D:2      | Found a runed translucent door.
  1067 | D:2      | Noticed Crazy Yiuf
  1081 | D:2      | Mangled by Crazy Yiuf

Illustrated notes

Levels and vault maps discovered:
D:1:      dpeg_arrival_round_c, layout_basic, item_on_display_a
D:2:      layout_loops_cross, chequers_ecumenical_altar_grove, basic_altar,
          amcnicky_mini_pool_small, uniq_crazy_yiuf_cottage

Skill      XL: |  1  2 |
---------------+-------+-----
Fighting       | 2 |  2.7
Ranged Weapons | 4 |  4.2
Dodging        | |  1.7
Stealth        | |  0.8

Action                     || total
---------------------------++-------
   Fire: Shortbow          ||    57
    Use: Potion            ||     1
 Armour: Leather armour    ||     5
  Dodge: Dodged            ||    23
